 Dungeon Crawl Stone Soup version 0.30.0-29-ga12c61a403 (webtiles) character file.

Game seed: 9208727334040677142

2478 qw the Cleaver (level 9, -5/59 HPs)
             Began as a Gargoyle Fighter on June 6, 2023.
             Was an Initiate of Okawaru.
             Killed from afar by a starcursed mass (9 damage)
             ... with an accursed screaming
             ... on level 2 of the Abyss.
             The game lasted 00:03:45 (6713 turns).

qw the Cleaver (Gargoyle Fighter)                   Turns: 6713, Time: 00:03:45

Health: -5/59      AC: 18    Str: 23    XL:     9   Next: 51%
Magic:  9/9        EV: 13    Int: 10    God:    Okawaru [......]
Gold:   263        SH:  4    Dex:  9    Spells: 8/8 levels left

rFire   + . .        Y - +1 war axe
rCold   . . .        c - +0 buckler
rNeg    + . .        u - +0 chain mail {rF+}
rPois   inf          h - +0 helmet
rElec   +            (no cloak)
rCorr   +            j - +0 pair of gloves
SInv    .            (no boots)
Will    .....        b - amulet of faith Stlth
                     g - ring of resist corrosion
HPRegen 0.29/turn    p - +5 ring of evasion
MPRegen 0.11/turn

%: faith
@: no status effects
A: sickness immunity, AC +6, negative energy resistance 1, electricity
resistance, torment resistance 1, petrification resistance
a: Renounce Religion


You were on level 2 of the Abyss.
You worshipped Okawaru.
Okawaru was noncommittal.
You visited 1 branch of the dungeon, and saw 7 of its levels.
You visited the Abyss 1 time.

You collected 263 gold pieces.


Innate Abilities, Weirdness & Mutations

You are immune to sickness and miasma.
Your stone body is resilient. (AC +6)
You are immune to poison.
You resist negative energy. (rN+)
You are resistant to electric shocks. (rElec)
You are resistant to unholy torment.
You are immune to petrification.


   Skills:
 - Level 8.0 Fighting
 - Level 9.0 Axes
 - Level 1.2 Throwing
 + Level 4.7 Armour
 - Level 1.0 Dodging
 - Level 4.1 Shields


You had 8 spell levels left.
You didn't know any spells.
Your spell library was empty.

Inventory:

Hand Weapons
 q - a +0 flail
 Y - a +1 war axe (weapon)
Missiles
 r - a boomerang (quivered)
Armour
 c - a +0 buckler (worn)
 h - a +0 helmet (worn)
 j - a +0 pair of gloves (worn)
 u - a +0 chain mail of fire resistance (worn)
 w - the +1 ring mail "Extism" {rPois rC+ rN+}
   (You found it on level 5 of the Dungeon)

   rC:        It protects you from cold.
   rPois:     It protects you from poison.
   rN:        It protects you from negative energy.
Jewellery
 b - an amulet of faith (around neck)
 f - a ring of resist corrosion
 g - a ring of resist corrosion (left hand)
 p - a +5 ring of evasion (right hand)
Scrolls
 m - a scroll of identify
Potions
 a - 2 potions of lignification
 d - 2 potions of might
 e - a potion of magic
 i - a potion of haste
 k - a potion of cancellation
 n - a potion of ambrosia {unknown}
 o - a potion of curing
 t - a potion of attraction {unknown}

Dungeon Overview and Level Annotations

Branches:
Dungeon (7/15)             Temple (0/1) D:7

Altars:
Elyvilon
Makhleb
Okawaru
Ru
Vehumet
Yredelemnul

Annotations:
D:7 Maggie


Message History

The small abomination misses you.
The sixfirhy hits you but does no damage.
The small abomination hits you but does no damage.
A starcursed mass splits.
You closely miss the small abomination.
The small abomination is heavily damaged.
You closely miss the sixfirhy.
You hit the starcursed mass but do no damage.
The sixfirhy hits you! The sixfirhy shocks you. You resist.
The sixfirhy closely misses you. x2; You block the sixfirhy's attack.
You block the small abomination's attack.
The starcursed mass touches you but does no damage.
6711 ||| DRINKING potion of heal wounds.
You feel much better. The sixfirhy misses you.
The sixfirhy hits you but does no damage.
The sixfirhy misses you. The small abomination hits you!
The starcursed mass closely misses you.
A starcursed mass splits.
The small abomination hits you but does no damage.
You slash the starcursed mass!
The starcursed mass is almost destroyed.
You hit the starcursed mass but do no damage.
You closely miss the sixfirhy. You hit the starcursed mass.
You hit the starcursed mass but do no damage.
You hit the small abomination but do no damage.
The starcursed mass shudders and is absorbed by its neighbour. x2
The starcursed mass touches you but does no damage.
You block the small abomination's attack.
A starcursed mass splits.
A chorus of shrieks assaults your mind.
You completely miss the starcursed mass.
The starcursed mass is heavily damaged.
You hit the small abomination but do no damage.
You slash the starcursed mass! You closely miss the sixfirhy.
The starcursed mass shudders and withdraws towards its neighbour.
The small abomination completely misses you.
A starcursed mass splits.
The sixfirhy hits you. The sixfirhy shocks you. You resist.
A deafening chorus of shrieks assaults your mind!
You die...

# #.. # ####. ..#.
#.. ..... .#.#
........### ....#
..........# ...#
........ .## ....
.. ...#.#.##..##
.....#.........#
...........@XX..#
. .......x3XX....#
.........X....#..
..................
...#.......#....##
.................
#.#..#.....##..
.#..####..#. ..


You could see 5 starcursed masses, a sixfirhy and a small abomination.

Vanquished Creatures
  A two-headed ogre (D:6)
  Pikel (D:4)
  Grinder (D:4)
  A black bear (D:4)
  An ice beast (D:5)
  3 ogres
  A centaur (D:4)
  2 lemures (D:4)
  4 scorpions
  A crimson imp (D:5)
  An orc priest (D:6)
  A hound (D:6)
  A jelly (D:4)
  3 iguanas
  An orc wizard (D:5)
  Robin (D:2)
  11 adders
  3 gnolls (D:2)
  A white imp (D:5)
  2 ufetubi
  2 worms
  4 dart slugs
  8 orcs
  8 bats
  9 endoplasms
  5 giant cockroaches
  16 goblins
  7 hobgoblins
  4 jackals (D:2)
  5 quokkas
  4 ball pythons
  5 frilled lizards
  8 kobolds
  10 rats
136 creatures vanquished.

Notes
Turn   | Place    | Note
-------+----------+-------------------------------------------
     0 | D:1      | qw the Gargoyle Fighter began the quest for the Orb.
     0 | D:1      | Reached XP level 1. HP: 14/14 MP: 1/1
     0 | D:1      | 0 ||| qw: Version: 0.2-a-108-gee2c290
     0 | D:1      | 0 ||| qw: Game counter: 1514
     0 | D:1      | 0 ||| qw: Always use a shield: true
     0 | D:1      | 0 ||| qw: God list: Okawaru
     0 | D:1      | 0 ||| qw: Allow faded altars: false
     0 | D:1      | 0 ||| qw: Do Orc after D:15 true
     0 | D:1      | 0 ||| qw: Do second Lair branch before Depths: true
     0 | D:1      | 0 ||| qw: Lair rune preference: random
     0 | D:1      | 0 ||| qw: Plans: Normal, Zot:1-4, Slime:5, God:TSO, Crypt,
                  | Tomb, Abyss, Pan, Hells, Win
     0 | D:1      | 0 ||| PLANNING D:1-11
    19 | D:1      | 19 ||| Stepping ~*~*~tactically~*~*~ (stealth).
    27 | D:1      | Reached skill level 2 in Axes
   130 | D:1      | 130 ||| Stepping ~*~*~tactically~*~*~ (hiding).
   131 | D:1      | 131 ||| Stepping ~*~*~tactically~*~*~ (hiding).
   148 | D:1      | Reached XP level 2. HP: 13/19 MP: 2/2
   670 | D:1      | 670 ||| DROPPING orb of guile.
   671 | D:1      | 671 ||| UPGRADING to +0 pair of gloves.
   676 | D:1      | 676 ||| UPGRADING to ring of resist corrosion.
   677 | D:1      | 677 ||| READING scroll labelled IGUUDU SUTSU.
   678 | D:1      | 678 ||| READING scroll labelled ACOQOA CIOLUAR.
   724 | D:2      | Reached skill level 3 in Axes
   724 | D:2      | Reached XP level 3. HP: 23/23 MP: 3/3
   895 | D:2      | 895 ||| Stepping ~*~*~tactically~*~*~ (stealth).
   903 | D:2      | HP: 5/23 [gnoll/+0 whip (3)]
   905 | D:2      | Reached XP level 4. HP: 6/28 MP: 4/4
   918 | D:2      | 918 ||| FLEEEEING.
   922 | D:2      | 922 ||| STAIRDANCE
  1003 | D:2      | 1003 ||| DROPPING +0 club.
  1043 | D:2      | 1043 ||| Stepping ~*~*~tactically~*~*~ (hiding).
  1044 | D:2      | 1044 ||| Stepping ~*~*~tactically~*~*~ (hiding).
  1049 | D:2      | Reached skill level 4 in Axes
  1099 | D:2      | 1099 ||| Stepping ~*~*~tactically~*~*~ (hiding).
  1222 | D:2      | 1222 ||| Stepping ~*~*~tactically~*~*~ (hiding).
  1224 | D:2      | 1224 ||| Stepping ~*~*~tactically~*~*~ (hiding).
  1401 | D:2      | 1401 ||| Stepping ~*~*~tactically~*~*~ (stealth).
  1451 | D:2      | Reached XP level 5. HP: 32/32 MP: 5/5
  1454 | D:2      | Noticed Robin
  1455 | D:2      | 1455 ||| Stepping ~*~*~tactically~*~*~ (stealth).
  1483 | D:2      | Killed Robin
  1560 | D:2      | 1560 ||| DROPPING +0 whip.
  1971 | D:2      | 1971 ||| UPGRADING to +0 helmet.
  1976 | D:2      | 1976 ||| READING scroll labelled GEORA COOSTU.
  1977 | D:2      | 1977 ||| READING scroll labelled OVOEKHL DETA.
  1978 | D:2      | 1978 ||| READING scroll labelled ATRUD XETARI.
  2025 | D:3      | Reached skill level 5 in Axes
  2119 | D:3      | 2119 ||| Stepping ~*~*~tactically~*~*~ (stealth).
  2168 | D:3      | 2168 ||| Stepping ~*~*~tactically~*~*~ (stealth).
  2170 | D:3      | 2170 ||| Stepping ~*~*~tactically~*~*~ (stealth).
  2197 | D:3      | 2197 ||| Stepping ~*~*~tactically~*~*~ (stealth).
  2373 | D:3      | 2373 ||| Stepping ~*~*~tactically~*~*~ (hiding).
  2374 | D:3      | 2374 ||| Stepping ~*~*~tactically~*~*~ (hiding).
  2383 | D:3      | 2383 ||| Stepping ~*~*~tactically~*~*~ (stealth).
  2487 | D:3      | 2487 ||| Stepping ~*~*~tactically~*~*~ (stealth).
  2522 | D:3      | 2522 ||| Stepping ~*~*~tactically~*~*~ (stealth).
  2539 | D:3      | Reached skill level 1 in Dodging
  2539 | D:3      | Reached XP level 6. HP: 20/38 MP: 6/6
  2790 | D:3      | Found a faded altar of an unknown god.
  2895 | D:3      | 2895 ||| UPGRADING to +0 chain mail.
  2905 | D:3      | 2905 ||| DROPPING +0 scale mail.
  2906 | D:3      | 2906 ||| UPGRADING to +5 ring of evasion.
  2930 | D:4      | 2930 ||| PLANNING OSSUARY
  2932 | D:4      | 2932 ||| STAIRDANCE
  3223 | D:4      | 3223 ||| Stepping ~*~*~tactically~*~*~ (stealth).
  3232 | D:4      | Reached skill level 6 in Axes
  3232 | D:4      | Reached XP level 7. HP: 34/43 MP: 7/7
  3283 | D:4      | Noticed Pikel
  3307 | D:4      | HP: 8/43 [lemure[Pikel] (7)]
  3309 | D:4      | HP: 3/43 [Pikel/+2 whip of electrocution (6)]
  3313 | D:4      | Killed Pikel
  3314 | D:4      | Reached skill level 8 in Axes
  3314 | D:4      | Reached XP level 8. HP: 4/48 MP: 8/8
  3473 | D:4      | 3473 ||| DROPPING +2 whip of venom.
  3545 | D:4      | Found a sand-covered staircase.
  3546 | D:4      | 3546 ||| READING scroll labelled JAH KURCHEIMM.
  3547 | D:4      | 3547 ||| READING 2 scrolls labelled DYLEMM KUATAPN.
  3548 | D:4      | 3548 ||| READING scroll labelled ZAD CEDEPOISH.
  3549 | D:4      | 3549 ||| DRINKING 2 metallic clear potions.
  3590 | D:4      | 3590 ||| DROPPING scroll of poison.
  3621 | D:4      | 3621 ||| STAIRDANCE
  3625 | D:4      | 3625 ||| STAIRDANCE
  3629 | D:4      | 3629 ||| STAIRDANCE
  3633 | D:4      | 3633 ||| STAIRDANCE
  3637 | D:4      | 3637 ||| STAIRDANCE
  3641 | D:4      | 3641 ||| STAIRDANCE
  3645 | D:4      | 3645 ||| STAIRDANCE
  3649 | D:4      | 3649 ||| STAIRDANCE
  3653 | D:4      | 3653 ||| STAIRDANCE
  3657 | D:4      | 3657 ||| STAIRDANCE
  3661 | D:4      | 3661 ||| STAIRDANCE
  3665 | D:4      | 3665 ||| STAIRDANCE
  3669 | D:4      | 3669 ||| STAIRDANCE
  3673 | D:4      | 3673 ||| STAIRDANCE
  3677 | D:4      | 3677 ||| STAIRDANCE
  3681 | D:4      | 3681 ||| STAIRDANCE
  3685 | D:4      | 3685 ||| STAIRDANCE
  3689 | D:4      | 3689 ||| STAIRDANCE
  3693 | D:4      | 3693 ||| STAIRDANCE
  3743 | D:3      | 3743 ||| RIP OSSUARY
  3743 | D:3      | 3743 ||| PLANNING D:1-11
  3837 | D:4      | Found a white marble altar of Elyvilon.
  3931 | D:4      | Found a basalt altar of Yredelemnul.
  3934 | D:4      | Found a radiant altar of Vehumet.
  3934 | D:4      | Noticed Grinder
  3943 | D:4      | Killed Grinder
  3944 | D:4      | Reached skill level 6 in Fighting
  4050 | D:4      | Found a sacrificial altar of Ru.
  4053 | D:4      | Found a burning altar of Makhleb.
  4269 | D:4      | 4269 ||| DRINKING 2 fizzy orange potions.
  4270 | D:4      | 4270 ||| DROPPING potion of flight.
  4323 | D:5      | Entered Level 5 of the Dungeon
  4329 | D:5      | Reached skill level 1 in Throwing
  4560 | D:5      | 4560 ||| Stepping ~*~*~tactically~*~*~ (stealth).
  5114 | D:5      | Identified the +1 ring mail "Extism" {rPois rC+ rN+}
  5203 | D:5      | HP: 11/51 [ogre/+0 giant club (14)]
  5204 | D:5      | 5204 ||| READING scroll of teleportation.
  5206 | D:5      | Reached skill level 9 in Axes
  5206 | D:5      | Reached XP level 9. HP: 13/55 MP: 9/9
  5437 | D:5      | 5437 ||| UPGRADING to +0 chain mail of fire resistance.
  5447 | D:5      | 5447 ||| DROPPING +0 chain mail.
  5448 | D:5      | 5448 ||| DROPPING orb of energy.
  5449 | D:5      | 5449 ||| READING scroll labelled EWIUNA SOHOA.
  5450 | D:5      | 5450 ||| READING scroll labelled YKHLUA BYGHYDDOE.
  5451 | D:5      | 5451 ||| DRINKING 2 silvery potions.
  5452 | D:5      | 5452 ||| READING 4 scrolls of identify.
  5452 | D:5      | 5452 ||| IDENTIFYING metallic green potion
  5453 | D:5      | 5453 ||| READING 3 scrolls of identify.
  5453 | D:5      | 5453 ||| IDENTIFYING white potion
  5454 | D:5      | 5454 ||| READING 2 scrolls of identify.
  5454 | D:5      | 5454 ||| IDENTIFYING inky potion
  5808 | D:6      | Noticed a two-headed ogre
  5816 | D:6      | Killed a two-headed ogre
  5945 | D:6      | 5945 ||| DROPPING +2 whip of electrocution.
  6006 | D:6      | Found an iron altar of Okawaru.
  6007 | D:6      | 6007 ||| PLANNING OKAWARU WORSHIP
  6007 | D:6      | 6007 ||| UPGRADING to amulet of faith.
  6012 | D:6      | 6012 ||| DRINKING 2 fuming amethyst potions.
  6013 | D:6      | 6013 ||| READING 2 scrolls of identify.
  6013 | D:6      | 6013 ||| IDENTIFYING gluggy blue potion
  6014 | D:6      | 6014 ||| DROPPING potion of invisibility.
  6018 | D:6      | Became a worshipper of Warmaster Okawaru
  6018 | D:6      | 6018 ||| PLANNING D:1-11
  6607 | D:6      | 6607 ||| READING scroll labelled NOMABR EVOPT.
  6632 | D:7      | Found a staircase to the Ecumenical Temple.
  6660 | D:7      | Noticed Maggie
  6674 | Abyss:2  | Cast into level 2 of the Abyss (Maggie)
  6691 | Abyss:2  | Noticed a starcursed mass
  6697 | Abyss:2  | HP: 12/59 [starcursed mass/accursed screaming (8)]
  6698 | Abyss:2  | 6698 ||| DRINKING 3 potions of heal wounds.
  6699 | Abyss:2  | Noticed a sixfirhy
  6704 | Abyss:2  | HP: 7/59 [starcursed mass/accursed screaming (9)]
  6705 | Abyss:2  | 6705 ||| DRINKING 2 potions of heal wounds.
  6710 | Abyss:2  | HP: 14/59 [sixfirhy (10)]
  6711 | Abyss:2  | 6711 ||| DRINKING potion of heal wounds.
  6713 | Abyss:2  | HP: 4/59 [sixfirhy (4)]
  6713 | Abyss:2  | Killed from afar by a starcursed mass

Levels and vault maps discovered:
D:1:      dpeg_arrival_ratfight, layout_rooms
D:2:      layout_basic, nrook_uturn, chequers_serial_rivers_micro_b, uniq_robin
D:3:      layout_basic, shapermc_ecumenical_altar_hornbeckon,
          minmay_diced_spiral
D:4:      layout_basic, kennysheep_little_box, grunt_temple_overflow_cloverleaf,
          nicolae_ossuary_entry_monument, kennysheep_generic_room_11,
          uniq_pikel, uniq_grinder
D:5:      layout_gridville, small_statue_intersection, small_statue_alley_b,
          palyth_stone_intersect, minmay_strange_pillars, minmay_fire_ice_demons
D:6:      layout_layer_cave, mainiacjoe_overflow_24_doors
D:7:      layout_cave_pools, minmay_temple_entry_butterflies,
          guppyfry_early_elven_hall, uniq_maggie
Abyss:2:  base: Temple, hangedman_abyss_sting

Skill      XL: |  1  2  3  4  5  6  7  8  9 |
---------------+----------------------------+-----
Axes           | 2 3 4 5 6 8 9 |  9.0
Fighting       | 4 6 8 |  8.0
Dodging        | 1 |  1.0
Throwing       | 1 |  1.2
Armour         | 4 |  4.7
Shields        | 4 |  4.1

Action                     |  1- 3 |  4- 6 |  7- 9 || total
---------------------------+-------+-------+-------++-------
  Melee: War axe           |    89 |   219 |   215 ||   523
         Unarmed           |       |       |     5 ||     5
  Throw: Boomerang         |       |       |    32 ||    32
    Use: Scroll            |     2 |     3 |    11 ||    16
         Potion            |       |       |     7 ||     7
   Stab: Confused          |       |       |     1 ||     1
 Armour: Scale mail        |    62 |    91 |       ||   153
         Chain mail        |       |    20 |   111 ||   131
  Dodge: Dodged            |    41 |   117 |   138 ||   296
  Block: Buckler           |    18 |    62 |    33 ||   113

Table legend:
 A = Non-vault XP
 B = Vault XP
 C = Vault XP percentage of total XP
 D = Non-vault monster count
 E = Vault monster count
 F = Vault count percentage of total count
                 A         B        C        D         E       F
            +---------+---------+-------+---------+---------+-------
      Total |    2532 |    1009 |  28.5 |     109 |      25 |  18.7
            +---------+---------+-------+---------+---------+-------
        D:1 |      23 |       5 |  17.9 |      12 |       5 |  29.4
        D:2 |     148 |      38 |  20.4 |      33 |      12 |  26.7
        D:3 |     144 |       5 |   3.4 |      25 |       3 |  10.7
        D:4 |     453 |     903 |  66.6 |      15 |       3 |  16.7
        D:5 |     638 |      58 |   8.3 |      14 |       2 |  12.5
        D:6 |    1126 |       0 |   0.0 |      10 |       0 |   0.0
            +---------+---------+-------+---------+---------+-------
